 Dungeon Crawl Stone Soup version 0.22.0-13-g43fe8f2 (webtiles) character file.

254 Faca the Poker (level 5, -6/46 HPs)
             Began as a Centaur Gladiator on Aug 16, 2018.
             Killed by divine providence
             ... invoked by an orc priest
              (13 damage)
             ... on level 4 of the Dungeon.
             The game lasted 00:07:37 (2951 turns).

Faca the Poker (Centaur Gladiator)                  Turns: 2951, Time: 00:07:37

Health: -6/46      AC: 11    Str: 18    XL:     5   Next: 90%
Magic:  5/5        EV:  7    Int:  7    God:
Gold:   246        SH:  0    Dex: 10    Spells: 4/4 levels left

rFire    . . .     SeeInvis .   a - +0 trident
rCold    + . .     Gourm    .   (no shield)
rNeg     . . .     Faith    .   j - +0 ring mail
rPois    .         Spirit   .   c - +0 helmet
rElec    .         Reflect  .   (no cloak)
rCorr    .         Harm     .   k - +0 pair of gloves
MR       .....                  p - +0 centaur barding
Stlth    ..........             (no amulet)
HPRegen  0.15/turn              o - ring of protection from cold
MPRegen  0.09/turn              (no ring)

@: very quick
A: large, hooves 3, deformed body, speed 2, tough skin 3
a: no special abilities


You were on level 4 of the Dungeon.
You were not hungry.

You visited 1 branch of the dungeon, and saw 4 of its levels.

You collected 246 gold pieces.

Inventory:

Hand Weapons
 a - a +0 trident (weapon)
Missiles
 d - 3 throwing nets
 r - 7 tomahawks of returning (quivered)
 v - 12 arrows
Armour
 c - a +0 helmet (worn)
 j - a +0 ring mail (worn)
 k - a +0 pair of gloves (worn)
 p - a +0 centaur barding (worn)
Jewellery
 o - a ring of protection from cold (left hand)
Wands
 x - a wand of enslavement (14)
Scrolls
 b - 2 scrolls of noise {unknown}
 e - 2 scrolls of enchant weapon {unknown}
 i - 3 scrolls of magic mapping {unknown}
 l - 3 scrolls of remove curse {unknown}
 q - 3 scrolls of identify {unknown}
 t - a scroll of immolation {unknown}
 y - a scroll of teleportation {unknown}
Potions
 g - a potion of heal wounds {unknown}
 h - 2 potions of haste {unknown}
 m - a potion of might {unknown}
 n - a potion of degeneration {unknown}
 s - a potion of mutation {unknown}
 u - a potion of curing {unknown}
 w - a potion of brilliance {unknown}
Comestibles
 f - 8 rations


   Skills:
 + Level 3.8 Fighting
 * Level 5.2 Polearms
 - Level 2.1 Throwing
 - Level 2.1 Dodging


You had 4 spell levels left.
You didn't know any spells.
Your spell library was empty.

Dungeon Overview and Level Annotations

Branches:
Dungeon (4/15)
 Temple: D:4-7

Altars:
Dithmenos
Gozag

Annotations:
D:3 3 runed doors, Nordicdwarf's ghost, amateur GrFi


Innate Abilities, Weirdness & Mutations

You have hooves in place of feet.
Armour fits poorly on your strangely shaped body.
You cover ground very quickly.
You have extremely tough skin. (AC +3)


Message History

You completely miss the orc priest. You kick the orc priest.
The orc priest is severely wounded.
The orc priest begins to cast a cantrip, but forgets the words!
You barely miss the orc priest. Your kick misses the orc priest.
The orc priest is severely wounded.
The orc priest calls down the wrath of Beogh upon you.
Beogh smites you!
* * * LOW HITPOINT WARNING * * *
You completely miss the orc priest. You kick the orc priest.
The orc priest is almost dead.
The orc priest hits you but does no damage.
Your ring mail prevents you from hitting the orc priest.
The orc priest is almost dead.
The orc priest hits you.
* * * LOW HITPOINT WARNING * * *
You hit the orc priest but do no damage.
The orc priest is almost dead.
The orc priest invokes the aid of Beogh against you.
Beogh smites you!
You die...

####.......##.
#..####.##. #
#.......##. #.
#...######. #.. #...# #.
.. ... #...###.### ..
#####.........#
##.#.####...........#..
#...oo@................
......####..............
..... #####...#####.#
.... #.........# ...
#...####### #. #...# .
### ##.## ##.## #.#
##..)####.#######


You could see an orc priest and an orc wizard.

Vanquished Creatures
  An iguana (D:4)
  An orc wizard (D:4)
  Robin (D:2)
  8 adders
  3 worms
  5 dart slugs
  3 leopard geckos
  9 orcs
  3 bats (D:1)
  7 giant cockroaches
  18 goblins
  9 hobgoblins
  2 jackals (D:1)
  A quokka (D:3)
  A frilled lizard (D:4)
  5 kobolds
  10 rats
87 creatures vanquished.

Notes
Turn   | Place    | Note
-------+----------+-------------------------------------------
     0 | D:1      | Faca the Centaur Gladiator began the quest for the Orb.
     0 | D:1      | Reached XP level 1. HP: 17/17 MP: 1/1
     0 | D:1      | Noticed a troll
     0 | D:1      | Noticed a human
     0 | D:1      | Noticed a ghoul
     2 | D:1      | Noticed a centaur
     2 | D:1      | Noticed an ogre
     5 | D:1      | Noticed an ogre
     7 | D:1      | Noticed a minotaur
    10 | D:1      | Noticed a ghoul
    12 | D:1      | Noticed a centaur
    14 | D:1      | Noticed a gargoyle
    14 | D:1      | Noticed a ghoul
    16 | D:1      | Noticed a troll
    16 | D:1      | Noticed a formicid
    16 | D:1      | Noticed a centaur
    20 | D:1      | Noticed a troll
   124 | D:1      | Reached skill level 3 in Polearms
   148 | D:1      | Reached XP level 2. HP: 14/24 MP: 2/2
   524 | D:1      | Reached XP level 3. HP: 27/30 MP: 3/3
  1072 | D:2      | Found an opulent altar of Gozag.
  1072 | D:2      | Noticed Robin
  1219 | D:2      | Reached skill level 4 in Polearms
  1223 | D:2      | Reached XP level 4. HP: 17/37 MP: 4/4
  1528 | D:2      | Killed Robin
  1717 | D:2      | Reached XP level 5. HP: 45/45 MP: 5/5
  1837 | D:2      | Found a shadowy altar of Dithmenos.
  2326 | D:3      | Found a runed gate.
  2326 | D:3      | Found a runed gate.
  2327 | D:3      | Found a runed gate.
  2329 | D:3      | Noticed Nordicdwarf's ghost (amateur GrFi)
  2442 | D:4      | Reached skill level 5 in Polearms
  2951 | D:4      | Killed from afar by an orc priest

Skill      XL: |  1  2  3  4  5 |
---------------+----------------+-----
Polearms       | 3 4 5 |  5.2
Fighting       | 3 |  3.8
Throwing       | |  2.1
Dodging        | |  2.1

Action                   |  1- 3 |  4- 6 || total
-------------------------+-------+-------++-------
Melee: Trident           |   121 |   143 ||   264
       Kick              |    17 |    22 ||    39
Throw: Tomahawk          |       |    11 ||    11
  Eat: Chunk             |       |     3 ||     3
       Ration            |       |     1 ||     1
Armor: Ring mail         |    44 |    55 ||    99
       Leather armour    |     2 |       ||     2
Dodge: Dodged            |    43 |    27 ||    70
